 Dungeon Crawl Stone Soup version 0.18-a0-1797-gc18daef (webtiles) character file.

128 manon the Chopper (level 5, 0/45 HPs)
             Began as a Hill Orc Fighter on Apr 22, 2016.
             Was a Follower of Cheibriados.
             Succumbed to a gnoll's poison
             ... on level 2 of the Dungeon.
             The game lasted 00:12:20 (2071 turns).

manon the Chopper (Hill Orc Fighter)                Turns: 2071, Time: 00:12:21

Health: 0/45       AC:  8    Str: 22    XL:     5   Next: 12%
Magic:  5/5        EV:  7    Int: 10    God:    Cheibriados [*.....]
Gold:   130        SH: 10    Dex: 12    Spells: 0 memorised, 4 levels left

rFire  . . .     SeeInvis .     a - +0 war axe
rCold  . . .     Gourm    .     b - +0 scale mail
rNeg   . . .     Faith    .     c - +0 shield
rPois  .         Spirit   .     (no helmet)
rElec  .         Dismiss  .     (no cloak)
rCorr  .         Reflect  .     (no gloves)
SustAt .         Harm     .     m - +0 pair of boots
MR     .....                    (no amulet)
Stlth  ..........               (no ring)
                                (no ring)

@: lethally poisoned (0 -> -1), drained, very slow, not resistant to hostile
enchantments, extremely unstealthy
A: no striking features
a: Bend Time, Renounce Religion


You were on level 2 of the Dungeon.
You worshipped Cheibriados.
Cheibriados was aware of your devotion.
You were not hungry.

You visited 1 branch of the dungeon, and saw 4 of its levels.

You collected 130 gold pieces.

Inventory:

Hand Weapons
 a - a +0 war axe (weapon)
Armour
 b - a +0 scale mail (worn)
 c - a +0 shield (worn)
 m - a +0 pair of boots (worn)
Jewellery
 e - an uncursed amulet of harm
Scrolls
 g - a scroll of enchant weapon {unknown}
 h - a scroll of noise {unknown}
 i - 2 scrolls of blinking {unknown}
 j - 3 scrolls of identify {unknown}
 n - a scroll of recharging {unknown}
 q - a scroll of random uselessness {unknown}
 u - a scroll of remove curse {unknown}
 v - a scroll of teleportation {unknown}
Comestibles
 f - 2 bread rations
 k - a meat ration
 l - 7 fruits
 o - a slice of pizza
 r - a royal jelly
 w - a chunk of flesh


   Skills:
 - Level 3.6(3.4) Fighting
 * Level 5.0(4.9) Axes
 + Level 4.0(3.8) Armour
 + Level 4.2(4.1) Shields
 + Level 1.0(0.8) Invocations


You had 4 spell levels left.
You didn't know any spells.

Dungeon Overview and Level Annotations

Branches:
Dungeon (4/15)
 Temple: D:4-7

Altars:
Cheibriados


Message History

You slash the giant cockroach!
You kill the giant cockroach!
Cheibriados appreciates the change of pace.
You aren't carrying any potions.
* * * LOW HITPOINT WARNING * * *
You feel sick.
* * * LOW HITPOINT WARNING * * *
You feel sick.
There is a lethal amount of poison in your body!
You aren't carrying any items that you can evoke.
Unknown command.
* * * LOW HITPOINT WARNING * * *
You feel sick.
Your transformation is almost over.
* * * LOW HITPOINT WARNING * * *
You feel sick.
You feel less woody.
Your +0 pair of boots unmelds from your body.
Your +0 scale mail unmelds from your body.
You die...

..# ..# ...# ...## ......
#####....## #.<.)......
#@# #)########### ####
#.#.>........ ....
#.##..#######.####
#########.##..............
...............#####.####
#.............#
#.............#
##.............#


There were no monsters in sight!

Vanquished Creatures
  4 gnolls (D:2)
  4 adders (D:2)
  A worm (D:2)
  2 dart slugs
  3 giant geckos
  4 bats
  5 giant cockroaches
  4 goblins
  4 hobgoblins
  5 jackals (D:2)
  A quokka (D:2)
  2 giant newts
  5 kobolds
  3 rats
47 creatures vanquished.

Notes
Turn   | Place    | Note
--------------------------------------------------------------
     0 | D:1      | manon the Hill Orc Fighter began the quest for the Orb.
     0 | D:1      | Reached XP level 1. HP: 19/19 MP: 1/1
     6 | D:1      | Noticed a queen ant
     6 | D:1      | Noticed a giant leech
     6 | D:1      | Noticed a basilisk
     7 | D:1      | Noticed a stone giant
     7 | D:1      | Noticed a hell rat
   116 | D:1      | Reached skill level 3 in Axes
   140 | D:1      | Reached XP level 2. HP: 21/26 MP: 2/2
  1187 | D:2      | Reached XP level 3. HP: 20/31 MP: 3/3
  1458 | D:2      | Found a snail-covered altar of Cheibriados.
  1466 | D:2      | Became a worshipper of Cheibriados the Contemplative
  1582 | D:2      | Reached skill level 4 in Axes
  1641 | D:2      | Reached XP level 4. HP: 16/39 MP: 4/4
  1967 | D:2      | You fall through a shaft for 2 floors!
  2020 | D:2      | Reached * piety under Cheibriados
  2028 | D:2      | Reached skill level 1 in Invocations
  2033 | D:2      | Reached XP level 5. HP: 10/45 MP: 5/5
  2040 | D:2      | HP: 2/45 [poisoned by a gnoll]
  2045 | D:2      | Reached skill level 5 in Axes
  2046 | D:2      | HP: 2/67 [poisoned by a gnoll]
  2051 | D:2      | HP: 1/67 [poisoned by a gnoll]
  2060 | D:2      | HP: 1/67 [poisoned by a gnoll]
  2065 | D:2      | HP: 1/67 [poisoned by a gnoll]
  2071 | D:2      | Succumbed to a gnoll's poison

Vault maps used:
D:1:      onia_arrival_zoo_common, minmay_fountain_box
D:2:      lemuel_round_altar
D:3:      bloody_trog, due_unseen_surprise
D:4:      zin_academy, portal_sewer_entry_e, first_bread, minmay_cupped

Skill      XL: |  1  2  3  4  5 |
---------------+----------------+-----
Axes           | 3 4 5 |  5.0
Shields        | 4 |  4.2
Invocations    | 1 |  1.0
Armour         | 4 |  4.0
Fighting       | |  3.6

Action                   |  1- 3 |  4- 6 || total
-------------------------+-------+-------++-------
Melee: War axe           |   170 |    63 ||   233
  Use: Potion            |       |     5 ||     5
  Eat: Chunk             |     3 |     1 ||     4
Armor: Scale mail        |    79 |    23 ||   102
       Skin              |       |     7 ||     7
Dodge: Dodged            |    67 |    27 ||    94
Block: Shield            |    91 |    39 ||   130
